 Dungeon Crawl Stone Soup version 0.20-a0-754-g13ddd6e (webtiles) character file.

2713 Nyfiken the Spear-Bearer (level 9, -1/63 (64) HPs)
             Began as a Demonspawn Wanderer on Feb 26, 2017.
             Was an Elder of Okawaru.
             Slain by a wight
             ... wielding a +0 morningstar
              (11 damage)
             ... on level 7 of the Dungeon.
             The game lasted 00:17:30 (7778 turns).

Nyfiken the Spear-Bearer (Demonspawn Wanderer)      Turns: 7778, Time: 00:17:31

HP:   -1/63 (64)    AC:  8    Str: 14      XL:     9   Next: 39%
MP:   9/9           EV:  8    Int: 18      God:    Okawaru [****..]
Gold: 194           SH:  4    Dex:  8 (10) Spells: 8/8 levels left

rFire    . . .     SeeInvis .   h - +1 spear
rCold    + . .     Gourm    +   y - +2 scale mail {rC+}
rNeg     . . .     Faith    .   o - +0 buckler
rPois    +         Spirit   .   (no helmet)
rElec    .         Reflect  .   (no cloak)
rCorr    .         Harm     .   (no gloves)
MR       .....                  (no boots)
Stlth    ..........             q - amulet of the gourmand
Regen    0.2/turn               (no ring)
MPRegen  0.2/turn               e - ring of poison resistance

@: heavily drained
A: talons 2, powered by pain 2
a: Heroism, Renounce Religion


You were on level 7 of the Dungeon.
You worshipped Okawaru.
Okawaru was greatly pleased with you.
You were hungry.

You visited 2 branches of the dungeon, and saw 8 of its levels.

You collected 194 gold pieces.

Inventory:

Hand Weapons
 b - a +0 quarterstaff
 h - a +1 spear (weapon)
Missiles
 z - a throwing net (quivered)
Armour
 d - a +0 robe
 o - a +0 buckler (worn)
 p - a +0 ring mail
 y - a +2 scale mail of cold resistance (worn)
Jewellery
 e - a ring of poison resistance (left hand)
 n - an uncursed ring of stealth
 q - an amulet of the gourmand (around neck)
 F - an uncursed ring of stealth
 G - an uncursed ring of fire
Wands
 w - a wand of acid (1/15)
 B - a wand of polymorph (17/24)
 E - a wand of lightning (1/15)
Scrolls
 c - 2 scrolls of teleportation
 g - 2 scrolls of remove curse
 j - 3 scrolls of noise
 r - 2 scrolls of magic mapping
 t - 2 scrolls of recharging
 u - 4 scrolls of enchant weapon
 v - 4 scrolls of identify
 x - 2 scrolls of fear
 D - 2 scrolls of fog
Potions
 a - 4 potions of haste
 i - 2 potions of curing
 m - a potion of heal wounds
Books
 A - a book of Changes

   Spells                             Type                      Level
   a - Beastly Appendage              Transmutation                1
   b - Sticks to Snakes               Transmutation                2
   c - Spider Form                    Transmutation/Poison         3
   d - Ice Form                       Ice/Transmutation            4
   e - Blade Hands                    Transmutation                5
 C - a book of Air

   Spells                             Type                      Level
   a - Shock                          Conjuration/Air              1
   b - Swiftness                      Charms/Air                   2
   c - Static Discharge               Conjuration/Air              3
   d - Airstrike                      Air                          4
   e - Lightning Bolt                 Conjuration/Air              5
Comestibles
 f - 6 bread rations
 k - 4 royal jellies
 l - 3 fruits
 s - 3 meat rations


   Skills:
 - Level 3.3(1.8) Fighting
   Level 1.0(0.0) Long Blades
 * Level 10.2(8.4) Polearms
 - Level 1.0(0.0) Throwing
 - Level 1.0(0.0) Dodging
 - Level 5.5(3.9) Shields
 - Level 2.6(1.2) Unarmed Combat
 - Level 1.0(0.0) Evocations


You had 8 spell levels left.
You didn't know any spells.

Dungeon Overview and Level Annotations

Branches:
Dungeon (7/15)             Temple (1/1) D:5

Altars:
Ashenzari
Fedhas
Okawaru
Ru
Uskayaw
Vehumet
Xom
Yredelemnul

Annotations:
D:3 esteth's ghost, amateur DrTm


Innate Abilities, Weirdness & Mutations

You have razor-sharp toenails.
You sometimes gain power by taking damage.


Message History

You hit the wight.
The wight is almost destroyed.
The wight barely misses you.
You hit the wight but do no damage.
The wight is almost destroyed.
Your scale mail prevents you from hitting the wight.
The wight is almost destroyed.
The wight hits you with a morningstar.
* * * LOW HITPOINT WARNING * * *
You feel drained.
* * * LOW HITPOINT WARNING * * *
You hit the wight but do no damage.
The wight is almost destroyed.
The wight barely misses you.
You hit the wight but do no damage. You claw the wight, but do no damage.
The wight is almost destroyed.
You completely miss the wight.
The wight is almost destroyed.
The wight hits you with a morningstar!
You die...

## #.# #.########## .# #.#
#.#........# .#
#.###.#........# .#
#...#.#........# .##
###.#'#........# ..#
#............#
#.##############............#
....).......)).z..>..########
##.##(.....#####@#####
#.##.....######.#
#..#.....'...##.#
##.#..z..#.#.##.#
#..z....######.# ##.#'#..#
#.# #.#.#..######.#
#.#.#.......#.#
#.#.#.......#.#


You could see a wight.

Vanquished Creatures
  A two-headed ogre (D:7)
  Pikel (D:5)
  A hippogriff (D:7)
  Sigmund (D:6)
  A spriggan (D:7)
  An orc warrior (D:7)
  A slave (D:5)
  A necrophage (D:7)
  3 bullfrogs
  4 wights (D:7)
  A howler monkey (D:4)
  A crimson imp (D:5)
  A quasit (D:7)
  3 orc wizards
  2 orc priests
  4 hounds
  A jelly (D:5)
  An iguana (D:4)
  2 worker ants (D:4)
  2 worker ant zombies (D:5)
  2 adders
  A howler monkey skeleton (D:4)
  An adder zombie (D:7)
  2 worms (D:2)
  4 dart slugs
  4 leopard geckos
  14 orcs
  8 bats
  5 giant cockroaches
  9 hobgoblins
  5 jackals
  6 quokkas
  3 ball pythons
  6 frilled lizards
  7 goblins
  4 kobolds
  6 rats
120 creatures vanquished.

Vanquished Creatures (others)
  A frilled lizard (D:5)
  A quokka skeleton (D:5)
2 creatures vanquished.

Grand Total: 122 creatures vanquished

Notes
Turn   | Place    | Note
-------+----------+-------------------------------------------
     0 | D:1      | Nyfiken the Demonspawn Wanderer began the quest for the Orb.
     0 | D:1      | Nyfiken set off with: 2 potions of haste, a +0 quarterstaff, a scroll of teleportation, a +0 robe, a bread ration
     0 | D:1      | Reached XP level 1. HP: 18/18 MP: 1/1
   148 | D:1      | Gained mutation: You have sharp toenails. [demonic ancestry]
   148 | D:1      | Reached XP level 2. HP: 24/24 MP: 2/2
   162 | D:1      | Reached skill level 1 in Polearms
  1198 | D:1      | Reached skill level 2 in Polearms
  1529 | D:2      | Gained mutation: You have razor-sharp toenails. [demonic ancestry]
  1529 | D:2      | Reached XP level 3. HP: 20/29 MP: 3/3
  2210 | D:2      | Reached skill level 3 in Polearms
  2237 | D:2      | Gained mutation: You sometimes gain a little power by taking damage. [demonic ancestry]
  2237 | D:2      | Reached XP level 4. HP: 23/35 MP: 4/4
  2351 | D:3      | Noticed esteth's ghost (amateur DrTm)
  3522 | D:4      | Reached skill level 1 in Shields
  3581 | D:4      | Reached XP level 5. HP: 9/41 MP: 5/5
  3921 | D:4      | Reached skill level 4 in Polearms
  4612 | D:5      | Entered Level 5 of the Dungeon
  4615 | D:5      | Found a staircase to the Ecumenical Temple.
  4621 | Temple   | Entered the Ecumenical Temple
  4642 | Temple   | Became a worshipper of Warmaster Okawaru
  4681 | D:4      | Gained mutation: You sometimes gain power by taking damage. [demonic ancestry]
  4681 | D:4      | Reached XP level 6. HP: 35/47 MP: 6/6
  4929 | D:5      | Noticed a slave
  4987 | D:5      | Killed a slave
  5206 | D:5      | Reached skill level 5 in Polearms
  5281 | D:5      | Noticed Pikel
  5282 | D:5      | Noticed a slave
  5284 | D:5      | Noticed a slave
  5284 | D:5      | Noticed a slave
  5286 | D:5      | Killed Pikel
  5286 | D:5      | Reached * piety under Okawaru
  5286 | D:5      | Reached ** piety under Okawaru
  5286 | D:5      | Reached skill level 6 in Polearms
  5286 | D:5      | Reached XP level 7. HP: 52/52 MP: 7/7
  5901 | D:6      | Noticed Sigmund
  5925 | D:6      | Killed Sigmund
  5925 | D:6      | Reached skill level 7 in Polearms
  5925 | D:6      | Reached XP level 8. HP: 26/58 MP: 8/8
  6330 | D:6      | Found a blossoming altar of Fedhas.
  6514 | D:7      | Noticed a two-headed ogre
  6518 | D:7      | Killed a two-headed ogre
  6518 | D:7      | Reached *** piety under Okawaru
  6518 | D:7      | Reached skill level 8 in Polearms
  6518 | D:7      | Reached skill level 5 in Shields
  6638 | D:7      | Reached skill level 9 in Polearms
  6638 | D:7      | Reached XP level 9. HP: 27/64 MP: 9/9
  7444 | D:7      | Reached **** piety under Okawaru
  7444 | D:7      | Reached skill level 10 in Polearms
  7778 | D:7      | Slain by a wight

Vault maps used:
D:1:      onia_arrival_pentagram
D:3:      first_bread
D:5:      minmay_temple_entry_hall, uniq_pikel
D:6:      fedhas_altar_4, uniq_sigmund
D:7:      the_bakery
Temple:   nicolae_temple_the_god_donut

Skill      XL: |  1  2  3  4  5  6  7  8  9 |
---------------+----------------------------+-----
Polearms       | 2 3 4 6 7 9 10 | 10.2
Shields        | 1 2 3 4 5 |  5.5
Fighting       | |  3.3
Long Blades    | |  1.0
Throwing       | |  1.0
Dodging        | |  1.0
Unarmed Combat | |  2.6
Evocations     | |  1.0

Action                   |  1- 3 |  4- 6 |  7- 9 || total
-------------------------+-------+-------+-------++-------
Melee: Spear             |   208 |   285 |   359 ||   852
       Quarterstaff      |     9 |       |       ||     9
       Kick              |    28 |    59 |    43 ||   130
       Punch             |     1 |       |       ||     1
Throw: Throwing net      |       |       |     1 ||     1
Invok: Heroism           |       |       |     1 ||     1
Evoke: Wand              |       |     7 |    10 ||    17
  Use: Potion            |     1 |     6 |     1 ||     8
       Scroll            |       |     9 |     2 ||    11
 Stab: Distracted        |     1 |       |       ||     1
       Sleeping          |       |     1 |       ||     1
  Eat: Chunk             |     5 |     9 |     7 ||    21
       Fruit             |       |       |     1 ||     1
Armor: Robe              |    19 |       |       ||    19
       Skin              |    31 |       |       ||    31
       Ring mail         |    25 |    33 |       ||    58
       Scale mail        |       |    39 |    96 ||   135
Dodge: Dodged            |    84 |    94 |    95 ||   273
Block: Buckler           |    18 |    31 |    52 ||   101
